 Dungeon Crawl Stone Soup version 0.22-a0-430-g6609fc6 (webtiles) character file.

1012 inmateoo the Skirmisher (level 8, 0/70 HPs)
             Began as a Centaur Air Elementalist on May 26, 2018.
             Was a Believer of Okawaru.
             Succumbed to a gnoll sergeant zombie's poison
             ... on level 5 of the Dungeon.
             The game lasted 00:10:10 (4847 turns).

inmateoo the Skirmisher (Centaur Air Elementalist)  Turns: 4847, Time: 00:10:11

Health: 0/70       AC:  7    Str: 11    XL:     8   Next: 1%
Magic:  10/10      EV:  7    Int: 14    God:    Okawaru [**....]
Gold:   209        SH:  0    Dex: 12    Spells: 7/10 levels left

rFire    + . .     SeeInvis .   k - +6 short sword (drain)
rCold    + . .     Gourm    .   (no shield)
rNeg     . . .     Faith    .   e - +0 scale mail
rPois    +         Spirit   .   (no helmet)
rElec    +         Reflect  .   (no cloak)
rCorr    +         Harm     .   m - +0 pair of gloves
MR       .....                  (no barding)
Stlth    ..........             (no amulet)
HPRegen  0.21/turn              (no ring)
MPRegen  0.12/turn              (no ring)

@: lethally poisoned (0 -> -7), resistant, very quick
A: large, hooves 3, deformed body, speed 2, tough skin 3
a: Heroism, Renounce Religion


You were on level 5 of the Dungeon.
You worshipped Okawaru.
Okawaru was pleased with you.
You were not hungry.

You visited 1 branch of the dungeon, and saw 5 of its levels.

You collected 209 gold pieces.

Inventory:

Hand Weapons
 k - a +6 short sword of draining (weapon)
Missiles
 d - 43 arrows
 f - a throwing net
 n - 111 stones (quivered)
Armour
 a - a +1 robe
 e - a +0 scale mail (worn)
 m - a +0 pair of gloves (worn)
Scrolls
 h - a scroll of fog
 j - 2 scrolls of enchant armour
 l - 3 scrolls of identify
 o - a scroll of blinking
 p - a scroll of teleportation
 r - 2 scrolls of remove curse
Potions
 b - a potion of agility
 q - a potion of flight
Comestibles
 c - 6 rations
 g - 5 chunks of flesh


   Skills:
 + Level 6.0 Fighting
 - Level 4.2 Short Blades
 + Level 2.2 Armour
 + Level 2.8 Dodging
 - Level 1.1 Stealth
 - Level 1.5 Spellcasting
 - Level 0.8 Conjurations
 - Level 2.6 Air Magic


You had 7 spell levels left.
You knew the following spells:

 Your Spells              Type           Power        Failure   Level  Hunger
a - Shock                 Conj/Air       #...         56%         1    ##.....
b - Swiftness             Chrm/Air       #.......     77%         2    ###....

Your spell library contained the following spells:

 Spells                   Type           Power        Failure   Level  Hunger
 Lightning Bolt           Conj/Air       #.........   100%        5    ######.
 Airstrike                Air            #.........   99%         4    #####..
 Static Discharge         Conj/Air       #.......     91%         3    ####...


Dungeon Overview and Level Annotations

Branches:
Dungeon (5/15)
 Temple: D:4-7

Altars:
Ashenzari
Cheibriados
Okawaru
Trog
Uskayaw
Zin

Annotations:
D:5 aronpayne's ghost, novice GnSk


Innate Abilities, Weirdness & Mutations

You have hooves in place of feet.
Armour fits poorly on your strangely shaped body.
You cover ground very quickly.
You have extremely tough skin. (AC +3)


Message History

You feel sick.
There is an escape hatch in the floor here.
* * * LOW HITPOINT WARNING * * *
You feel sick.
You slide downwards.
The hatch slams shut behind you.
Level annotation: aronpayne's ghost, novice GnSk
* * * LOW HITPOINT WARNING * * *
You feel sick.
Found a dagger and a scroll of immolation.
* * * LOW HITPOINT WARNING * * *
You feel sick.
Unknown command.
Unknown command.
* * * LOW HITPOINT WARNING * * *
You feel sick.
Found 12 gold pieces.
Unknown command.
* * * LOW HITPOINT WARNING * * *
You feel sick.
You die...

#...#
..........#
#..W#
.........#
##...#
.....$..+
#....#
#.......#
#...p#
##.......##
+....#
#.........#
#....'
#........#
##...#p
#....@...#
#...##
##.......#
#...#
##.......##.
.....
#............
#............
#....)?......
#############


There were no monsters in sight!

Vanquished Creatures
  The ghost of TheNamelessOne the Insei, an amateur OpTm (D:4)
  2 phantoms (D:4)
  An ogre (D:4)
  A scorpion (D:4)
  2 howler monkeys (D:4)
  A crimson imp (D:4)
  Natasha (thrice) (D:3)
  4 orc wizards
  A worker ant zombie (D:5)
  3 gnolls (D:2)
  9 adders
  An orc zombie (D:4)
  An ooze (D:2)
  4 worms
  2 dart slugs
  2 leopard geckos (D:4)
  11 orcs
  A ball python (D:3)
  4 giant cockroaches
  7 goblins
  8 hobgoblins
  4 jackals
  2 quokkas (D:3)
  8 bats
  2 frilled lizards
  7 kobolds
  5 rats
97 creatures vanquished.

Notes
Turn   | Place    | Note
-------+----------+-------------------------------------------
     0 | D:1      | inmateoo the Centaur Air Elementalist began the quest for the Orb.
     0 | D:1      | Reached XP level 1. HP: 14/14 MP: 3/3
    56 | D:1      | Reached skill level 1 in Fighting
   260 | D:1      | Reached XP level 2. HP: 5/24 MP: 0/4
   352 | D:1      | Learned a level 2 spell: Swiftness
   486 | D:1      | Reached skill level 2 in Fighting
   922 | D:1      | Reached XP level 3. HP: 26/30 MP: 0/5
  1257 | D:2      | Reached skill level 3 in Fighting
  1330 | D:2      | Noticed Natasha
  1567 | D:2      | Found a bloodstained altar of Trog.
  1586 | D:2      | Reached XP level 4. HP: 16/40 MP: 0/6
  2068 | D:2      | Reached skill level 4 in Fighting
  2430 | D:2      | Reached XP level 5. HP: 44/47 MP: 7/7
  2562 | D:2      | Noticed an angel
  2563 | D:2      | Found a glowing silver altar of Zin.
  2828 | D:3      | Found a shattered altar of Ashenzari.
  2829 | D:3      | Found an iron altar of Okawaru.
  2834 | D:3      | Became a worshipper of Warmaster Okawaru
  2849 | D:3      | Killed Natasha
  2849 | D:3      | Reached skill level 1 in Short Blades
  2864 | D:3      | Reached skill level 5 in Fighting
  2873 | D:3      | Noticed Natasha
  3068 | D:3      | Killed Natasha
  3293 | D:3      | Noticed Natasha
  3302 | D:3      | Killed Natasha
  3302 | D:3      | Reached XP level 6. HP: 47/56 MP: 8/8
  3683 | D:4      | Reached * piety under Okawaru
  3697 | D:4      | Found a hide-covered altar of Uskayaw.
  3720 | D:4      | Found a transporter.
  3803 | D:4      | Noticed TheNamelessOne's ghost (amateur OpTm)
  3858 | D:5      | Entered Level 5 of the Dungeon
  3880 | D:5      | Noticed aronpayne's ghost (novice GnSk)
  3884 | D:5      | Noticed a slave
  3884 | D:5      | Noticed a slave
  3905 | D:4      | Reached XP level 7. HP: 57/61 MP: 9/9
  3941 | D:4      | Found a transporter.
  4104 | D:4      | Reached skill level 1 in Armour
  4217 | D:4      | Found a snail-covered altar of Cheibriados.
  4316 | D:4      | Killed TheNamelessOne's ghost
  4564 | D:4      | Reached ** piety under Okawaru
  4564 | D:4      | Reached skill level 6 in Fighting
  4564 | D:4      | Reached XP level 8. HP: 55/70 MP: 10/10
  4842 | D:5      | HP: 3/70 [poisoned by a gnoll sergeant zombie]
  4846 | D:5      | HP: 1/70 [poisoned by a gnoll sergeant zombie]
  4847 | D:5      | Succumbed to a gnoll sergeant zombie's poison

Vault maps used:
D:1:      ncdulo_halloftheorcs, minmay_hexomino_c4
D:2:      nicolae_overflow_crystal_walls, zin_angel, first_ration, uniq_natasha
D:3:      chequers_temple_overflow_statue_of_worship
D:4:      gammafunk_cloud_chamber, lemuel_crystal_altar, kennysheep_mini_moat
D:5:      minmay_diamond_boxcup, lightli_church_of_beogh, uniq_grinder,
          uniq_pikel

Skill      XL: |  1  2  3  4  5  6  7 |
---------------+----------------------+-----
Fighting       | 1 2 3 4 5 6 |  6.0
Short Blades   | 2 4 |  4.2
Armour         | 2 |  2.2
Dodging        | 2 |  2.8
Stealth        | |  1.1
Spellcasting   | |  1.5
Conjurations   | |  0.8
Air Magic      | |  2.6

Action                   |  1- 3 |  4- 6 |  7- 9 || total
-------------------------+-------+-------+-------++-------
Melee: Unarmed           |    53 |       |       ||    53
       Kick              |     9 |    26 |    20 ||    55
       Spear             |    15 |       |       ||    15
       Short sword       |       |   124 |    81 ||   205
 Cast: Shock             |    59 |     2 |       ||    61
  Use: Scroll            |     9 |     3 |       ||    12
       Potion            |       |       |     2 ||     2
  Eat: Chunk             |     3 |     6 |     3 ||    12
Armor: Robe              |    43 |     1 |       ||    44
       Scale mail        |       |    50 |    27 ||    77
Dodge: Dodged            |    54 |    28 |    15 ||    97

Table legend:
 A = Spawn XP
 B = Non-spawn XP
 C = Spawn XP percentage of total XP
 D = Spawn monster count
 E = Non-spawn monster count
 F = Spawn count percentage of total count
 G = Total turns spent on level
                    A         B        C        D         E        F      G
               +---------+---------+-------+---------+---------+-------+---------
         Total |       0 |    1446 |   0.0 |       0 |      97 |   0.0 |  4847
               +---------+---------+-------+---------+---------+-------+---------
           D:1 |       0 |      45 |   0.0 |       0 |      25 |   0.0 |  1143
           D:2 |       0 |     163 |   0.0 |       0 |      22 |   0.0 |  1368
           D:3 |       0 |     210 |   0.0 |       0 |      27 |   0.0 |   923
           D:4 |       0 |    1012 |   0.0 |       0 |      22 |   0.0 |  1366
           D:5 |       0 |      16 |   0.0 |       0 |       1 |   0.0 |    47
               +---------+---------+-------+---------+---------+-------+---------
